 Dungeon Crawl Stone Soup version 0.29-a0-821-g66395355a5 (webtiles) character file.

Game seed: 12045093547483451603

29 nxtlvl the Chopper (level 3, 0/33 HPs)
             Began as a Naga Gladiator on July 8, 2022.
             Succumbed to an adder's poison
             ... on level 3 of the Dungeon.
             The game lasted 00:03:59 (310 turns).

nxtlvl the Chopper (Naga Gladiator)                  Turns: 310, Time: 00:04:00

Health: 0/33       AC:  3    Str: 18    XL:     3   Next: 16%
Magic:  3/3        EV: 10    Int:  8    God:
Gold:   0          SH:  0    Dex: 12    Spells: 2/2 levels left

rFire   . . .      SeeInvis +   a - +0 war axe
rCold   . . .      Faith    .   (no shield)
rNeg    . . .      Spirit   .   b - +0 leather armour
rPois   +          Reflect  .   c - +0 helmet
rElec   .          Harm     .   (no cloak)
rCorr   .          Rampage  .   (no gloves)
Will    .....                   (no barding)
Stlth   +.........              (no amulet)
HPRegen 0.11/turn               (no ring)
MPRegen 0.08/turn               (no ring)

@: lethally poisoned (0 -> -15), very slow
A: AC +1, large, see invisible, deformed body, poison resistance, slowness 2,
spit poison 1, naga tail 1
a: Spit Poison


You were on level 3 of the Dungeon.
You visited 1 branch of the dungeon, and saw 3 of its levels.

Inventory:

Hand Weapons
 a - a +0 war axe (weapon)
 i - a +2 sling of freezing
Missiles
 d - 3 throwing nets (quivered)
 e - a javelin
 k - a stone
Armour
 b - a +0 leather armour (worn)
 c - a +0 helmet (worn)
Scrolls
 g - a scroll of blinking {unknown}
 h - 2 scrolls of identify {unknown}
Potions
 f - a potion of curing {unknown}
 j - a potion of lignification {unknown}


   Skills:
 + Level 2.5 Fighting
 * Level 3.8 Axes
 - Level 1.7 Throwing
 - Level 2.4 Dodging


You had 2 spell levels left.
You didn't know any spells.
Your spell library was empty.

Dungeon Overview and Level Annotations

Branches:
Dungeon (3/15)

Altars:

Shops:
D:1 :   D:2 :


Innate Abilities, Weirdness & Mutations

Your serpentine skin is tough. (AC +1)
You have supernaturally acute eyesight. (SInv)
Armour fits poorly on your strangely shaped body.
Your system is resistant to poisons. (rPois)
You cover ground very slowly.
You can spit poison.
You have a snake-like lower body.


Message History

Found a scroll labelled WYMYAM JUIMIJO.
There is a stone staircase leading up here.
The dart slug launches a dart at you. The slug dart hits you.
You barely miss the dart slug. You slash the dart slug!
The dart slug is severely wounded.
The dart slug bites you but does no damage.
You hit the dart slug.
You kill the dart slug!
h - 2 scrolls labelled WYMYAM JUIMIJO (gained 1)
An adder comes into view.
Aiming: Spit Poison (2% risk of failure)
Press: ? - help, Shift-Dir - straight line, f - adder
Aim: an adder (asleep, 100% to hit)
The splash of poison hits the adder!
The adder is almost dead.
The adder hisses angrily.
You completely miss the adder.
The adder is almost dead.
The adder bites you.
You are poisoned.
The adder poisons you!
You barely miss the adder.
The adder is almost dead.
You feel sick. The adder bites you. x2
You are lethally poisoned!
The adder poisons you!
You barely miss the adder.
The adder is almost dead.
* * * LOW HITPOINT WARNING * * *
You feel very sick. The adder bites you.
* * * LOW HITPOINT WARNING * * *
You are more poisoned.
The adder poisons you! The adder closely misses you.
You barely miss the adder.
The adder is almost dead.
You have got your breath back.
You die...

... #.#
#.#
#.###
##...
... #S#
#@# #.#
#####.#
#...#.#
#.....#
#...###
##.##
#.# #.#


You could see an adder.

Vanquished Creatures
  An adder (D:2)
  2 dart slugs
  2 bats (D:1)
  2 giant cockroaches
  A goblin (D:1)
  3 hobgoblins
  A quokka (D:2)
  2 ball pythons (D:1)
  A rat (D:2)
15 creatures vanquished.

Vanquished Creatures (others)
  A ball python (D:2)
1 creature vanquished.

Grand Total: 16 creatures vanquished

Notes
Turn   | Place    | Note
-------+----------+-------------------------------------------
     0 | D:1      | nxtlvl the Naga Gladiator began the quest for the Orb.
     0 | D:1      | Reached XP level 1. HP: 19/19 MP: 1/1
     2 | D:1      | Found Vetuhaas's Book Emporium.
    71 | D:1      | Reached XP level 2. HP: 20/26 MP: 2/2
   162 | D:2      | Reached XP level 3. HP: 5/33 MP: 3/3
   221 | D:2      | Found Dumior's Book Shop.
   310 | D:3      | Succumbed to an adder's poison

Illustrated notes

Levels and vault maps discovered:
D:1:      minmay_arrival_four_houses, layout_loops_ring, serial_shops, shop,
          serial_park_tiny_2, minmay_fountain_box, dk_noncrumbling_3,
          minmay_misc_feat_four_crosses
D:2:      layout_basic, serial_shops, nicolae_shop_stone
D:3:      layout_loops_ring, mainiacjoe_overflow_tiny_flanked,
          mainiacjoe_overflow_swirl, uniq_natasha

Action                   || total
-------------------------++-------
Melee: War axe           ||    45
 Abil: Spit Poison       ||     8
Armor: Leather armour    ||    19
Dodge: Dodged            ||    25

Table legend: (Time is in decaauts)
 A = Elapsed time spent in this place.
 B = Non-inter-level travel time spent in this place.
 C = Inter-level travel time spent in this place.
 D = Time resting spent in this place.
 E = Time spent auto-exploring this place.
 F = Levels seen in this place.
 G = Mean time per level.
                   A        B        C        D        E       F      G
               +--------+--------+--------+--------+--------+-----+--------+
         Total |    419 |    419 |      0 |      0 |      0 |   3 |  139.7 |
       Dungeon |    419 |    419 |      0 |      0 |      0 |   3 |  139.7 |
               +--------+--------+--------+--------+--------+-----+--------+

Top non-repeatable levels by time:
     D:2: 224 daAuts
     D:1: 143 daAuts
     D:3: 51 daAuts
